3066 views
Uploaded 2020-04-09 13:56:22
Game version 1.32 / 1.32.1
24:09 long 1on1 ladder game on (3)NomadIsles
Saved by Ouarf
3066 views
Uploaded 2020-04-09 13:56:22
Game version 1.32 / 1.32.1
24:09 long 1on1 ladder game on (3)NomadIsles

45 units @ 6.6k
/ 1.5k
18 buildings @ 3.2k
/ 1.5k


| Moonstone | 1 | 50 |
| Scroll of Healing | 1 | 250 |
| total: | 2 | 300g |
| Wisp | 19 | 1140 | / | 0 |
| Archer | 6 | 780 | / | 60 |
| Dryad | 5 | 725 | / | 300 |
| Druid of the Claw | 12 | 3060 | / | 960 |
| Chimaera | 2 | 660 | / | 140 |
| Forest Troll Shadow Priest | 1 | 195 | / | 10 |
| total: | 45 | 6560g | / | 1470w |
| Altar of Elders | 1 | 180 | / | 50 |
| Moon Well | 9 | 1620 | / | 360 |
| Ancient of War | 1 | 150 | / | 60 |
| Hunter's Hall | 1 | 210 | / | 100 |
| Ancient of Wonders | 1 | 90 | / | 30 |
| Tree of Life | 1 | 340 | / | 185 |
| Ancient of Lore | 2 | 310 | / | 290 |
| Chimaera Roost | 2 | 280 | / | 380 |
| Tree of Ages | 1 | 320 | / | 180 |
| Tree of Eternity | 1 | 330 | / | 200 |
| total: | 18 | 3180g | / | 1455w |
| 0:06 | Altar of Elders |
| 0:07 | Wisp |
| 0:07 | Wisp |
| 0:11 | Wisp |
| 0:25 | Moon Well |
| 0:39 | Ancient of War |
| 0:46 | Wisp |
| 0:57 | Wisp |
| 1:22 | Wisp |
| 1:42 | Moon Well |
| 1:44 | Archer |
| 1:44 | Archer |
| 1:55 | Wisp |
| 2:23 | Mana Burn |
| 2:49 | Moon Well |
| 2:52 | Wisp |
| 2:52 | Wisp |
| 2:52 | Wisp |
| 2:56 | Wisp |
| 2:56 | Wisp |
| 3:39 | Archer |
| 3:42 | Archer |
| 3:42 | Archer |
| 4:03 | Archer |
| 4:18 | Tree of Ages |
| 5:08 | Evasion |
| 5:17 | Hunter's Hall |
| 5:22 | Moon Well |
| 6:28 | Ultravision |
| 6:36 | Ancient of Wonders |
| 6:52 | Ancient of Lore |
| 7:11 | Tree of Eternity |
| 7:21 | Forest Troll Shadow Priest |
| 7:38 | Evasion |
| 8:00 | Entangling Roots |
| 8:07 | Abolish Magic |
| 8:08 | Dryad |
| 8:08 | Dryad |
| 8:17 | Ancient of Lore |
| 8:25 | Moon Well |
| 9:32 | Moonstone |
| 10:17 | Druid of the Claw Adept Training |
| 10:18 | Druid of the Claw |
| 10:19 | Druid of the Claw |
| 10:20 | Dryad |
| 10:22 | Dryad |
| 10:22 | Dryad |
| 10:44 | Thorns Aura |
| 11:08 | Scroll of Healing |
| 12:19 | Moon Well |
| 13:08 | Druid of the Claw Master Training |
| 13:10 | Druid of the Claw |
| 13:10 | Druid of the Claw |
| 13:23 | Moon Well |
| 13:28 | Mana Burn |
| 13:43 | Wisp |
| 13:58 | Moon Well |
| 14:16 | Force of Nature |
| 14:36 | Mark of the Claw |
| 15:38 | Tree of Life |
| 15:41 | Druid of the Claw |
| 15:42 | Druid of the Claw |
| 16:27 | Moon Well |
| 17:33 | Entangling Roots |
| 17:36 | Evasion |
| 17:44 | Druid of the Claw |
| 17:44 | Druid of the Claw |
| 17:46 | Druid of the Claw |
| 17:46 | Druid of the Claw |
| 17:59 | Chimaera Roost |
| 18:08 | Chimaera Roost |
| 19:56 | Corrosive Breath |
| 19:57 | Chimaera |
| 19:57 | Chimaera |
| 20:01 | Wisp |
| 20:01 | Wisp |
| 20:01 | Wisp |
| 20:02 | Wisp |
| 20:04 | Wisp |
| 20:19 | Wisp |
| 20:30 | Strength of the Wild |
| 20:30 | Reinforced Hides |
| 21:05 | Druid of the Claw |
| 23:34 | Druid of the Claw |
| Right click | 1048 |
| Select | 498 |
| Build/train/purchase | 75 |
| Use ability | 34 |
| Chat | 10 |
| Remove unit | 1 |
56 units @ 9.9k
/ 1.5k
18 buildings @ 2.8k
/ 1k


| Rod of Necromancy | 2 | 300 |
| Potion of Mana | 2 | 400 |
| Potion of Healing | 2 | 300 |
| Scroll of Healing | 1 | 250 |
| Staff of Teleportation | 1 | 150 |
| total: | 8 | 1400g |
| Acolyte | 8 | 600 | / | 0 |
| Ghoul | 11 | 1320 | / | 0 |
| Crypt Fiend | 26 | 5590 | / | 1040 |
| Obsidian Statue | 9 | 1800 | / | 315 |
| Goblin Shredder | 1 | 375 | / | 100 |
| Forest Troll Shadow Priest | 1 | 195 | / | 10 |
| total: | 56 | 9880g | / | 1465w |
| Nerubian Tower | 9 | 900 | / | 180 |
| Ziggurat | 11 | 1650 | / | 550 |
| Altar of Darkness | 1 | 180 | / | 50 |
| Graveyard | 2 | 430 | / | 0 |
| Crypt | 1 | 200 | / | 50 |
| Tomb of Relics | 1 | 130 | / | 30 |
| Slaughterhouse | 1 | 140 | / | 135 |
| Sacrificial Pit | 1 | 75 | / | 150 |
| Halls of the Dead | 1 | 320 | / | 210 |
| Black Citadel | 1 | 325 | / | 230 |
| total: | 18 | 2805g | / | 965w |
| 0:03 | Acolyte |
| 0:04 | Acolyte |
| 0:08 | Ziggurat |
| 0:11 | Altar of Darkness |
| 0:35 | Graveyard |
| 0:38 | Graveyard |
| 1:05 | Crypt |
| 1:28 | Ziggurat |
| 1:44 | Tomb of Relics |
| 2:02 | Nerubian Tower |
| 2:09 | Ghoul |
| 2:11 | Unholy Aura |
| 2:30 | Ghoul |
| 2:49 | Ghoul |
| 2:54 | Rod of Necromancy |
| 3:19 | Crypt Fiend |
| 3:44 | Crypt Fiend |
| 4:06 | Crypt Fiend |
| 4:08 | Nerubian Tower |
| 4:26 | Crypt Fiend |
| 4:30 | Death Coil |
| 4:47 | Ziggurat |
| 5:13 | Crypt Fiend |
| 5:40 | Crypt Fiend |
| 5:55 | Creature Attack |
| 6:04 | Rod of Necromancy |
| 6:18 | Halls of the Dead |
| 7:23 | Crypt Fiend |
| 7:26 | Unholy Aura |
| 7:39 | Forest Troll Shadow Priest |
| 7:57 | Nerubian Tower |
| 7:59 | Ziggurat |
| 8:53 | Goblin Shredder |
| 9:04 | Crypt Fiend |
| 9:12 | Acolyte |
| 9:14 | Acolyte |
| 9:27 | Acolyte |
| 9:28 | Acolyte |
| 9:37 | Acolyte |
| 10:12 | Nerubian Tower |
| 10:14 | Acolyte |
| 10:20 | Burrow |
| 10:21 | Web |
| 10:29 | Staff of Teleportation |
| 10:35 | Death Coil |
| 10:45 | Crypt Fiend |
| 10:45 | Crypt Fiend |
| 10:52 | Slaughterhouse |
| 10:56 | Ziggurat |
| 10:59 | Ziggurat |
| 11:03 | Ziggurat |
| 11:42 | Crypt Fiend |
| 12:40 | Obsidian Statue |
| 12:41 | Obsidian Statue |
| 12:41 | Obsidian Statue |
| 12:55 | Crypt Fiend |
| 12:58 | Obsidian Statue |
| 12:59 | Black Citadel |
| 13:01 | Crypt Fiend |
| 13:13 | Nerubian Tower |
| 13:16 | Unholy Aura |
| 13:21 | Improved Creature Attack |
| 13:24 | Ghoul |
| 13:25 | Ghoul |
| 13:26 | Ghoul |
| 13:26 | Ghoul |
| 13:26 | Ghoul |
| 13:31 | Creature Carapace |
| 13:58 | Nerubian Tower |
| 14:00 | Ziggurat |
| 14:03 | Ziggurat |
| 14:37 | Ziggurat |
| 15:09 | Frost Nova |
| 15:25 | Obsidian Statue |
| 15:29 | Destroyer Form |
| 15:37 | Advanced Creature Attack |
| 15:40 | Ghoul |
| 15:40 | Ghoul |
| 15:40 | Ghoul |
| 15:47 | Nerubian Tower |
| 15:49 | Ziggurat |
| 16:10 | Nerubian Tower |
| 16:36 | Obsidian Statue |
| 16:37 | Obsidian Statue |
| 16:54 | Obsidian Statue |
| 16:54 | Obsidian Statue |
| 17:03 | Improved Creature Carapace |
| 17:03 | Unholy Armor |
| 17:03 | Unholy Strength |
| 17:23 | Crypt Fiend |
| 17:24 | Crypt Fiend |
| 17:29 | Crypt Fiend |
| 17:33 | Dark Ritual |
| 17:56 | Scroll of Healing |
| 18:04 | Potion of Mana |
| 18:05 | Potion of Healing |
| 18:07 | Potion of Mana |
| 18:08 | Potion of Healing |
| 18:19 | Crypt Fiend |
| 18:33 | Sacrificial Pit |
| 18:49 | Nerubian Tower |
| 19:00 | Crypt Fiend |
| 19:30 | Crypt Fiend |
| 19:40 | Frost Nova |
| 19:53 | Crypt Fiend |
| 20:37 | Crypt Fiend |
| 21:07 | Crypt Fiend |
| 21:59 | Crypt Fiend |
| 22:30 | Crypt Fiend |
| 22:33 | Animate Dead |
| 23:03 | Crypt Fiend |
| 23:25 | Crypt Fiend |
| 23:37 | Dark Ritual |
| Right click | 1599 |
| Select group | 873 |
| Select | 334 |
| Build/train/purchase | 159 |
| Misc. action | 92 |
| Assign group | 62 |
| Use ability | 40 |
| Esc | 21 |
| Chat | 6 |
| Item give/drop | 5 |
| Minimap ping | 1 |